Map: Overgrowth LE (Void)

Players

Neeb - Winner!

  • Race: Protoss Protoss
  • Spawn Location: 1:00

MajOr (SpeCial)

  • Race: Terran Terran
  • Spawn Location: 7:00

Event: WESG 2016 Finals

VOD

Have the link to the VOD?

Description

Time

  • Played on: Jan. 13, 2017, 2:47 a.m.
  • Length: 12:29

All games in this series

Show
View Real Time Build Order
Export as new Build Order

Neeb Protoss - Winner!

Build Orders: 1 Gate Expand, Colossus Rush 

Get SALT Encoding   

  12  0:01  Probe (Chrono Boost)  
  13  0:11  Probe (Chrono Boost)  
  14  0:17  Pylon  
  14  0:22  Probe (Chrono Boost)  
  15  0:36  Gateway, Probe (Chrono Boost)  
  16  0:46  Probe (Chrono Boost)  
  16  0:48  Assimilator  
  18  0:57  Probe (Chrono Boost)  
  18  1:07  Probe (Chrono Boost)  
  19  1:17  Nexus  
  19  1:20  Probe (Chrono Boost)  
  20  1:30  Cybernetics Core  
  20  1:33  Probe (Chrono Boost)  
  20  1:39  Assimilator  
  21  1:44  Probe (Chrono Boost)  
  22  1:48  Pylon  
  22  1:54  Probe (Chrono Boost)  
  23  2:03  Adept  
  23  2:06  Warp Gate  
  26  2:08  Probe (Chrono Boost)  
  26  2:20  Probe (Chrono Boost)  
  27  2:27  Adept  
  28  2:30  Probe (Chrono Boost)  
  28  2:33  Probe (Chrono Boost)  
  31  2:40  Probe (Chrono Boost)  
  31  2:43  Robotics Facility  
  33  2:45  Probe (Chrono Boost)  
  33  2:51  Probe (Chrono Boost)  
  34  2:56  Mothership Core (Chrono Boost)  
  36  3:01  Probe (Chrono Boost)  
  36  3:05  Gateway  
  37  3:06  Gateway  
  37  3:12  Probe (Chrono Boost)  
  38  3:14  Probe (Chrono Boost)  
  39  3:22  Probe (Chrono Boost), Assimilator  
  39  3:25  Probe (Chrono Boost)  
  39  3:26  Assimilator  
  41  3:28  Pylon  
  41  3:29  Observer  
  41  3:33  Probe (Chrono Boost)  
  43  3:36  Robotics Bay  
  43  3:37  Probe (Chrono Boost)  
  44  3:43  Probe (Chrono Boost)  
  46  3:49  Probe (Chrono Boost)  
  46  3:50  Observer  
  46  3:54  Probe (Chrono Boost)  
  48  4:01  Probe (Chrono Boost)  
  48  4:02  Pylon  
  49  4:04  Probe (Chrono Boost)  
  49  4:05  Pylon  
  50  4:11  Stalker  
  50  4:13  Probe (Chrono Boost)  
  50  4:15  Warp Prism  
  53  4:17  Probe (Chrono Boost)  
  53  4:21  Stalker x2  
  60  4:24  Pylon  
  60  4:37  Probe (Chrono Boost)  
  60  4:42  Mothership Core (Chrono Boost)  
  61  4:48  Probe (Chrono Boost)  
  61  4:49  Nexus  
  61  4:50  Sentry, Colossus  
  64  4:57  Extended Thermal Lance  
  64  4:58  Probe (Chrono Boost)  
  71  5:02  Probe (Chrono Boost)  
  72  5:10  Probe (Chrono Boost)  
  74  5:14  Probe (Chrono Boost)  
  74  5:16  Pylon  
  74  5:19  Pylon  
  75  5:22  Probe (Chrono Boost)  
  75  5:23  Stalker  
  78  5:28  Probe (Chrono Boost)  
  78  5:34  Probe (Chrono Boost)  
  78  5:37  Colossus  
  78  5:38  Twilight Council  
  78  5:40  Gateway  
  79  5:48  Gateway  
  84  5:51  Gateway  
  84  5:57  Sentry  
  84  5:58  Adept x2  
  84  6:02  Probe x2 (Chrono Boost)  
  92  6:06  Probe (Chrono Boost)  
  93  6:12  Pylon, Blink  
  93  6:14  Probe (Chrono Boost)  
  93  6:15  Pylon  
  94  6:24  Colossus  
  100  6:37  Gateway  
  100  6:38  Probe x3 (Chrono Boost)  
  103  6:40  Zealot x3, Pylon  
  109  6:49  Stalker x2  
  109  6:50  Pylon  
  113  6:56  Pylon  
  113  6:59  Probe x2 (Chrono Boost)  
  115  7:10  Pylon  
  115  7:11  Colossus  
  115  7:17  Stalker x5  
  130  7:31  Probe (Chrono Boost)  
  130  7:32  Assimilator  
  130  7:33  Assimilator, Probe x2 (Chrono Boost)  
  132  7:39  Forge  
  132  7:41  Forge, Adept  
  132  7:42  Adept x2  
  132  7:44  Adept x2  
  145  7:51  Probe x2 (Chrono Boost)  
  145  7:52  Probe (Chrono Boost)  
  145  8:00  Stalker x2  
  146  8:21  Colossus  
  146  8:22  Protoss Ground Weapons Level 1, Protoss Ground Armor Level 1  
  146  8:26  Stalker x2  
  146  8:27  Stalker x4  
  136  8:32  Resonating Glaives  
  148  8:34  Probe x2 (Chrono Boost)  
  148  8:45  Nexus  
  148  8:50  Pylon  
  146  8:59  Adept  
  146  9:00  Pylon  
  146  9:01  Pylon  
  146  9:02  Pylon  
  146  9:03  Pylon  
  146  9:05  Pylon  
  146  9:08  Robotics Facility  
  146  9:09  Sentry x2  
  150  9:12  Disruptor  
  150  9:13  Probe x3 (Chrono Boost)  
  156  9:25  Assimilator  
  156  9:26  Stalker x2  
  156  9:30  Assimilator  
  160  9:35  Adept x2  
  160  9:36  Adept x2  
  160  9:37  Adept  
  168  9:42  Gateway  
  168  9:45  Pylon  
  168  9:48  Disruptor  
  171  9:58  Stalker x6, Disruptor  
  164  10:23  Disruptor  
  164  10:24  Adept x6  
  164  10:26  Probe (Chrono Boost)  
  166  10:39  Probe (Chrono Boost)  
  157  10:44  Probe x2 (Chrono Boost)  
  157  10:45  Probe (Chrono Boost)  
  156  10:52  Probe (Chrono Boost)  
  159  10:57  Probe (Chrono Boost)  
  159  10:58  Probe (Chrono Boost)  
  159  11:00  Stalker x3  
  159  11:01  Stalker x3  
  171  11:07  Gateway  
  171  11:18  Stalker  
  159  11:26  Probe (Chrono Boost)  
  159  11:30  Adept x4  
  164  11:38  Probe (Chrono Boost)  
  164  11:39  Stalker x2  
  167  11:41  Stalker  
  160  11:48  Disruptor x2  
  160  11:54  Probe (Chrono Boost), Mothership Core (Chrono Boost)  
  119  12:25  Stalker x5  
Show
View Real Time Build Order
Export as new Build Order

MajOr Terran 

Build Orders: Reaper Expand, MMM Bio 

Get SALT Encoding   

  12  0:00  SCV  
  13  0:12  SCV  
  14  0:17  Supply Depot  
  14  0:25  SCV  
  15  0:28  Refinery  
  15  0:39  SCV  
  16  0:44  Barracks  
  16  0:51  SCV  
  17  1:03  SCV  
  18  1:15  SCV  
  19  1:30  Orbital Command  
  19  1:31  Reaper  
  20  1:40  Command Center  
  20  1:50  Factory  
  20  1:57  SCV  
  20  2:00  Refinery  
  21  2:07  Barracks Reactor  
  21  2:09  SCV  
  21  2:12  Supply Depot  
  22  2:21  SCV  
  23  2:34  SCV  
  23  2:36  Starport  
  24  2:40  Widow Mine  
  24  2:43  Marine x2  
  28  2:46  SCV  
  29  2:53  Orbital Command  
  29  3:00  SCV  
  29  3:01  Marine x2  
  32  3:11  Widow Mine  
  32  3:12  SCV  
  35  3:15  Medivac  
  35  3:18  Marine  
  35  3:19  Marine  
  38  3:21  SCV  
  38  3:24  SCV  
  38  3:26  Supply Depot  
  40  3:33  SCV  
  41  3:36  Marine x2, SCV  
  44  3:42  Factory Tech Lab  
  44  3:45  SCV  
  45  3:48  SCV  
  45  3:53  Starport Tech Lab  
  45  3:54  Marine x2  
  48  3:57  SCV  
  48  4:00  SCV, Siege Tank  
  53  4:02  Supply Depot  
  53  4:05  Barracks  
  53  4:14  SCV  
  54  4:19  Refinery  
  54  4:24  Marine x2, SCV, Raven  
  59  4:36  SCV  
  59  4:37  SCV  
  57  4:39  Siege Tank  
  57  4:41  Supply Depot  
  60  4:45  Marine x2  
  60  4:46  Barracks  
  60  4:52  Supply Depot  
  62  4:59  Refinery  
  62  5:02  SCV x2  
  63  5:08  Marine x2  
  65  5:15  SCV x2  
  65  5:18  Marine  
  65  5:20  Viking  
  70  5:26  Factory Reactor  
  70  5:27  SCV x2  
  72  5:33  Marine  
  72  5:34  Marine  
  72  5:35  Stimpack  
  74  5:37  Marauder  
  74  5:38  Engineering Bay  
  74  5:39  SCV  
  74  5:40  SCV  
  77  5:51  Marine  
  77  5:52  Supply Depot  
  77  5:53  Supply Depot, Combat Shields  
  78  6:13  Marine x3, Factory Reactor  
  78  6:14  Marauder, SCV x2, Medivac x2  
  89  6:20  Command Center  
  89  6:21  Terran Infantry Weapons Level 1  
  89  6:23  Supply Depot  
  89  6:26  SCV x2  
  89  6:32  Marauder  
  93  6:34  Marine x2  
  93  6:35  Marauder  
  99  6:40  Supply Depot  
  99  6:41  Supply Depot  
  99  6:45  Barracks  
  99  6:46  Barracks  
  97  6:48  Medivac x2  
  97  6:51  Marine  
  97  6:52  Marine  
  97  6:53  Marauder, Widow Mine x2  
  109  7:01  Marauder  
  109  7:07  SCV x2  
  111  7:15  Marauder  
  113  7:18  Liberator x2  
  113  7:19  Marine x2  
  113  7:22  SCV x2  
  117  7:23  Marauder  
  119  7:32  Barracks Tech Lab  
  119  7:34  Barracks Reactor, SCV  
  119  7:36  Marauder  
  128  7:37  Marine x2  
  128  7:40  SCV  
  131  7:44  Marauder  
  133  7:53  Orbital Command  
  133  7:55  Marine, Starport  
  133  7:56  Marine  
  133  7:57  Marauder  
  133  7:58  SCV x2  
  138  8:07  Marauder  
  140  8:12  Marine  
  140  8:18  Marine  
  141  8:20  Marauder  
  141  8:22  Viking  
  141  8:25  Viking  
  135  8:27  SCV x2  
  135  8:30  Marine  
  135  8:31  Marine  
  135  8:32  Marine, Marauder x2  
  141  8:34  Terran Infantry Armor Level 1  
  141  8:36  Supply Depot x2  
  141  8:38  Marine, Viking x2, SCV  
  141  8:39  SCV  
  141  8:40  SCV  
  149  8:44  Armory, Engineering Bay  
  149  8:49  Marine  
  149  8:50  SCV  
  149  8:51  SCV  
  149  8:52  Marine  
  149  8:57  Marine, Marauder  
  149  8:58  Viking x2  
  149  8:59  SCV  
  149  9:01  Refinery x2  
  157  9:06  Marine  
  157  9:07  Marine x2  
  157  9:08  Marauder  
  162  9:13  Supply Depot  
  162  9:19  Marauder  
  162  9:22  Supply Depot  
  162  9:23  Supply Depot  
  164  9:29  Marine, Liberator  
  165  9:32  Terran Infantry Weapons Level 2  
  165  9:33  Terran Ship Weapons Level 1  
  165  9:35  Marauder x2, Viking x2  
  173  9:41  Supply Depot  
  173  9:44  Marine x3  
  179  9:56  Command Center  
  175  10:04  Liberator  
  175  10:05  Liberator  
  175  10:10  Marine, Marauder  
  177  10:16  Liberator x2  
  177  10:20  Marine x2  
  177  10:21  Marauder  
  161  10:23  Marine  
  161  10:24  Marauder  
  161  10:28  Marine  
  148  10:32  Marauder  
  156  10:38  Marine x2  
  156  10:41  Marine  
  156  10:42  Marauder  
  158  10:45  Marauder, Marine  
  158  10:47  Liberator  
  158  10:49  Concussive Shells  
  150  10:53  Marine  
  150  10:56  Marine x2  
  153  10:59  Marine  
  153  11:03  Marine, Marauder  
  154  11:04  Medivac  
  154  11:06  Marauder  
  152  11:11  Marauder  
  152  11:13  Marine  
  152  11:14  Marine  
  152  11:16  Marine  
  136  11:20  SCV x2  
  136  11:25  Marauder  
  137  11:27  Marine  
  137  11:28  Marauder, SCV  
  137  11:30  Medivac x2  
  137  11:31  Marine x2  
  137  11:32  Marauder  
  144  11:35  Marine  
  144  11:37  SCV  
  137  11:46  Marauder  
  132  11:47  Planetary Fortress  
  132  11:49  SCV x2  
  132  11:54  Marauder  
Tags
 
Add a new tag
Caveats
  • Supply blocks, unpowered buildings, or Contaminate may cause inaccurate times.
  • Supply counts are checked every 10 seconds.